 Dungeon Crawl Stone Soup version 0.31.0 (webtiles) character file.

Game seed: 15040258702562233676

102 hihot the Conjurer (level 4, -6/21 HPs)
             Began as a Felid Conjurer on Jan 20, 2024.
             Killed by nerve-wracking pain
             ... invoked by Menkaure
              (8 damage)
             ... on level 4 of the Dungeon.
             The game lasted 00:05:20 (2287 turns).

hihot the Conjurer (Felid Conjurer)                 Turns: 2287, Time: 00:05:21

Health: -6/21      AC:  1    Str:  3    XL:     4   Next: 49%
Magic:  8/8        EV: 17    Int: 24    God:
Gold:   53         SH:  0    Dex: 14    Spells: 3/8 levels left
                                        Lives:  0   Deaths: 2

rFire   . . .        (weapon unavailable)
rCold   . . .        (shield unavailable)
rNeg    . . .        (body armour unavailable)
rPois   .            (helmet unavailable)
rElec   .            (cloak unavailable)
rCorr   .            (gloves unavailable)
SInv    +            (boots unavailable)
Will    .....        (no amulet)
Stlth   ++           (no ring)
HPRegen 0.23/turn    (no ring)
MPRegen 0.11/turn

%: no passive effects
@: no status effects
A: very small, claws 1, fangs 3, see invisible, shaggy fur 1, stealthy paws, no
weapons or thrown items, no armour, multi-lived
a: no special abilities


You were on level 4 of the Dungeon.
You visited 1 branch of the dungeon, and saw 4 of its levels.

You collected 134 gold pieces.
You spent 81 gold pieces at shops.

Inventory:

Scrolls
 b - a scroll of vulnerability {unknown}
 c - 2 scrolls of silence
 f - a scroll of noise {unknown}
 g - a scroll of teleportation {unknown}
 h - a scroll of blinking {unknown}
 i - 4 scrolls of revelation
 k - a scroll of poison {unknown}
 m - a scroll of fog {unknown}
Potions
 a - a potion of magic
 d - a potion of heal wounds {unknown}
 e - 2 potions of curing
 j - a potion of invisibility
 l - a potion of attraction {unknown}
 n - a potion of resistance {unknown}
 p - a potion of mutation {unknown}


   Skills:
 + Level 0.9 Fighting
 * Level 3.4 Dodging
 + Level 3.1 Stealth
 - Level 2.5 Spellcasting
 - Level 4.4 Conjurations
 - Level 1.7 Translocations


You had 3 spell levels left.
You knew the following spells:

 Your Spells              Type           Power      Damage    Failure   Level
a - Magic Dart            Conj           96%        1d7       1%          1
b - Blink                 Tloc           22%        N/A       9%          2
c - Searing Ray           Conj           48%        2d6       2%          2

Your spell library contained the following spells:

 Spells                   Type           Power      Damage    Failure   Level
 Call Imp                 Summ           6%         N/A       17%         2
 Mercury Vapours          Alch/Air       6%         N/A       17%         2
 Mephitic Cloud           Conj/Alch/Air  10%        N/A       19%         3
 Iskenderun's Mystic Bla  Conj/Tloc      18%        2d6       30%         4
 Fulminant Prism          Conj/Alch      6%         3d7       41%         4
 Freezing Cloud           Conj/Ice/Air   5%         6-21      86%         5
 Sculpt Simulacrum        Ice/Alch       1%         N/A       100%        6
 Ozocubu's Refrigeration  Ice            1%         4d7       100%        7
 Polar Vortex             Ice            1%         N/A       100%        9


Dungeon Overview and Level Annotations

Branches:
Dungeon (4/15)
 Temple: D:4-7

Altars:

Shops:
D:2 *

Annotations:
D:3 1 runed translucent door, Crazy Yiuf
D:4 Menkaure


Innate Abilities, Weirdness & Mutations

You have sharp claws.
You have razor-sharp teeth.
You have supernaturally acute eyesight. (SInv)
You are covered in fur. (AC +1)
Your paws help you pounce on unaware monsters.
You are incapable of wielding weapons or throwing items.
You cannot wear armour.
You gain extra lives every three experience levels.


Message History

You climb downwards.
There is a stone staircase leading up here.
You pounce on the unaware helpless kobold!
You claw the kobold!
You kill the kobold!
No target in view!
No target in view!
No target in view!
Key pressed, stopping explore.
You can't see any susceptible monsters within range! (Use Z to cast anyway.) Menkaure and an iguana come into view.
The iguana hisses angrily.
Menkaure shouts!
There are monsters nearby!
There are monsters nearby!
You scratch Menkaure but do no damage. You bite Menkaure, but do no damage.
Menkaure hits you!!
Ouch! That really hurt!
* * * LOW HITPOINT WARNING * * *
You are too injured to fight recklessly!
You are too injured to fight recklessly!
You are too injured to fight recklessly!
You are too injured to fight recklessly!
You are too injured to fight recklessly!
Unknown command.
You are too injured to fight recklessly!
Unknown command.
You are too injured to fight recklessly!
Unknown command.
You are too injured to fight recklessly!
You scratch Menkaure.
Menkaure is lightly damaged.
Menkaure barely misses you.
You scratch Menkaure.
Menkaure is lightly damaged.
Menkaure barely misses you.
You scratch Menkaure but do no damage. You claw Menkaure, but do no damage.
Menkaure is lightly damaged.
Menkaure points at you and mumbles some strange words.
Pain shoots through your body!
You die...

#.# #.### #####
######.#..
#...######.........
#..........####.#.#
#...######## #.#..
##.## #..<. #.#
#.....).. #@#
#.####### #M#.# #
... ... # ..#..
..## . #. ..# #.. .
# .#. .## ## #.##
## #


You could see Menkaure.

Vanquished Creatures
  An orc priest (D:3)
  An adder (D:2)
  A dart slug (D:2)
  A ribbon worm (D:2)
  2 orcs (D:3)
  7 ball pythons
  2 endoplasms (D:2)
  4 giant cockroaches
  4 goblins
  3 hobgoblins
  2 jackals (D:1)
  8 kobolds
  10 bats
  3 frilled lizards
  6 rats
55 creatures vanquished.

Notes
Turn   | Place    | Note
-------+----------+-------------------------------------------
     0 | D:1      | hihot the Felid Conjurer began the quest for the Orb.
     0 | D:1      | Reached XP level 1. HP: 9/9 MP: 4/4
   193 | D:1      | Reached XP level 2. HP: 12/13 MP: 6/6
   333 | D:1      | Reached skill level 4 in Conjurations
   336 | D:1      | Learned a level 2 spell: Blink
   339 | D:1      | Learned a level 2 spell: Searing Ray
   885 | D:2      | Reached skill level 1 in Translocations
   908 | D:2      | Reached XP level 3. HP: 16/16 MP: 3/7
   991 | D:2      | Found a faded altar of an unknown god.
   991 | D:2      | Noticed a shining eye
   995 | D:2      | Noticed a shining eye
   995 | D:2      | Noticed a great orb of eyes
   995 | D:2      | Noticed a glass eye
  1319 | D:2      | Found Wedajis's Assorted Antiques.
  1326 | D:2      | Bought a scroll labelled ZUFUAVV ERUDO for 28 gold pieces
  1326 | D:2      | Bought a scroll labelled AGESABLEISAE for 28 gold pieces
  1326 | D:2      | Bought a silvery potion for 25 gold pieces
  1821 | D:3      | Found a runed translucent door.
  1822 | D:3      | Noticed Crazy Yiuf
  2040 | D:3      | Reached XP level 4. HP: 21/21 MP: 2/8
  2040 | D:3      | Gained a life (2 lives remaining)
  2139 | D:3      | Slain by an orc wizard
  2139 | D:3      | Lost a life (1 life remaining)
  2198 | D:3      | Slain by a ribbon worm
  2198 | D:3      | Lost a life (0 lives remaining)
  2282 | D:4      | Noticed Menkaure
  2284 | D:4      | HP: 1/21 [Menkaure (20)]
  2287 | D:4      | Killed from afar by Menkaure

Illustrated notes

Levels and vault maps discovered:
D:1:      eino_arrival_tree_alley, layout_basic, chequers_serial_rivers_micro_e,
          minmay_tripent
D:2:      layout_basic, hellmonk_ecumenical_altar_watching_god, serial_shops,
          nicolae_shop_advertising_works [nicolae_subvault_shop_adworks]
D:3:      layout_basic, gup_sewer_entry_spiral, uniq_crazy_yiuf_cottage
D:4:      layout_loops_ring, uniq_natasha, uniq_sigmund, uniq_edmund,
          uniq_menkaure

Skill      XL: |  1  2  3 |
---------------+----------+-----
Conjurations   | 4 |  4.4
Translocations | 1 |  1.7
Dodging        | 3 |  3.4
Stealth        | 3 |  3.1
Fighting       | |  0.9
Spellcasting   | |  2.5

Action                     |  1- 3 |  4- 6 || total
---------------------------+-------+-------++-------
  Melee: Unarmed           |    12 |    29 ||    41
         Bite              |     1 |     3 ||     4
         Punch             |       |     1 ||     1
   Cast: Magic Dart        |    87 |     7 ||    94
         Searing Ray       |     3 |     2 ||     5
         Blink             |     1 |     1 ||     2
    Use: Scroll            |     5 |       ||     5
         Potion            |       |     3 ||     3
   Stab: Sleeping          |       |     1 ||     1
 Armour: Skin              |     7 |    15 ||    22
  Dodge: Dodged            |    23 |    46 ||    69
